 Dungeon Crawl Stone Soup version 0.29.1-1-gd02db6906a (webtiles) character file.

Game seed: 6036351268511880661

14187 Earthwalker the Spear-Bearer (level 11, -20/97 HPs)
             Began as a Minotaur Fighter on Oct 7, 2022.
             Was an Initiate of Gozag.
             Demolished by an enormous slime creature (25 damage)
             ... on level 11 of the Dungeon.
             The game lasted 01:16:20 (12983 turns).

Earthwalker the Spear-Bearer (Minotaur Fighter)    Turns: 12983, Time: 01:16:21

Health: -20/97     AC: 31    Str: 22    XL:     11   Next: 85%
Magic:  10/10      EV: 25    Int:  5    God:    Gozag
Gold:   1380       SH:  6    Dex: 13    Spells: 10/10 levels left

rFire   + + +      SeeInvis .   a - +4 spear (freeze)
rCold   x . .      Faith    .   c - +0 buckler
rNeg    + . .      Spirit   .   A - +6 chain mail of Seofecaq {rF++ rN+}
rPois   .          Reflect  .   (helmet restricted)
rElec   .          Harm     .   I - +2 cloak {Will+}
rCorr   .          Rampage  .   U - +0 pair of gloves
Will    +....                   s - +2 pair of boots
Stlth   ..........              V - amulet of the acrobat
HPRegen 0.26/turn               y - ring of fire
MPRegen 0.12/turn               N - +4 ring of protection

@: acrobatic
A: horns 2, retaliatory headbutt
a: Renounce Religion, Potion Petition, Call Merchant, Bribe Branch


You were on level 11 of the Dungeon.
You worshipped Gozag.
Gozag was most pleased with you.
You visited 4 branches of the dungeon, and saw 15 of its levels.

You collected 2439 gold pieces.
You spent 962 gold pieces at shops.
You paid 97 gold pieces to Gozag.

Inventory:

Hand Weapons
 a - a +4 spear of freezing (weapon)
 e - a +0 spectral spear
 H - a +3 quarterstaff of chaos
Missiles
 F - 41 poisoned darts (quivered)
Armour
 b - a +1 scale mail
 c - a +0 buckler (worn)
 s - a +2 pair of boots (worn)
 A - the +6 chain mail of Seofecaq (worn) {rF++ rN+}
   (You found it on level 5 of the Dungeon)

   rF:        It greatly protects you from fire.
   rN:        It protects you from negative energy.
 I - a +2 cloak of willpower (worn)
 O - a +4 scale mail
 U - a +0 pair of gloves (worn)
Magical Staves
 Y - a staff of poison
Jewellery
 m - a ring of willpower
 y - a ring of fire (left hand)
 L - an amulet of magic regeneration
 N - a +4 ring of protection (right hand)
 V - an amulet of the acrobat (around neck)
 X - the ring of the Everdark {Ice *Slow rN+ Will++ Int+3}
   (You bought it in a shop on level 11 of the Dungeon)

   [ring of ice]

   It enhances your ice magic.
   Int:       It affects your intelligence (+3).
   rF:        It makes you vulnerable to fire.
   rC:        It protects you from cold.
   rN:        It protects you from negative energy.
   *Slow:     It may slow you when you take damage.
   Will:      It greatly increases your willpower.
Wands
 r - a wand of charming (11)
 x - a wand of mindburst (19)
 C - a wand of digging (10)
 D - a wand of quicksilver (14)
 E - a wand of flame (16)
 Q - a wand of iceblast (19)
Scrolls
 l - 5 scrolls of noise
 p - 5 scrolls of poison
 q - a scroll of immolation
 w - 4 scrolls of vulnerability
 B - 11 scrolls of identify
 G - 2 scrolls of butterflies
 J - 2 scrolls of blinking
 K - 2 scrolls of amnesia
 S - 2 scrolls of teleportation
 W - a scroll of silence
Potions
 d - 8 potions of might
 f - 5 potions of lignification
 g - 4 potions of attraction
 h - 5 potions of haste
 i - a potion of cancellation {unknown}
 j - a potion of brilliance {unknown}
 k - 3 potions of mutation
 n - 2 potions of flight {unknown}
 o - a potion of resistance {unknown}
 t - 2 potions of degeneration {unknown}
 v - 8 potions of curing {unknown}
 z - a potion of magic {unknown}
 M - a potion of invisibility {unknown}
Miscellaneous
 P - a piece from Xom's chessboard (15/15)


   Skills:
 * Level 9.5 Fighting
 * Level 12.3 Polearms
 * Level 5.5 Throwing
 * Level 12.1 Armour
 * Level 6.7 Dodging
 * Level 9.7 Shields


You had 10 spell levels left.
You didn't know any spells.
Your spell library contained the following spells:

 Spells                   Type           Power      Damage    Failure   Level
 Apportation              Tloc           0%         N/A       98%         1
 Magic Dart               Conj           0%         1d3       98%         1
 Sting                    Tmut/Pois      0%         1d3       98%         1
 Poisonous Vapours        Pois/Air       0%         N/A       99%         2
 Searing Ray              Conj           0%         2d4       99%         2
 Ignite Poison            Fire/Tmut/Pois 0%         N/A       100%        3
 Mephitic Cloud           Conj/Pois/Air  0%         N/A       100%        3
 Portal Projectile        Hex/Tloc       0%         N/A       100%        3
 Tukima's Dance           Hex            0%         N/A       100%        3
 Fulminant Prism          Conj/Hex       0%         3d6       100%        4
 Olgreb's Toxic Radiance  Pois           0%         N/A       100%        4
 Passage of Golubria      Tloc           0%         N/A       100%        4
 Alistair's Intoxication  Tmut/Pois      0%         N/A       100%        5
 Blade Hands              Tmut           0%         N/A       100%        5
 Borgnjor's Vile Clutch   Necr/Erth      0%         N/A       100%        5
 Freezing Cloud           Conj/Ice/Air   0%         6-21      100%        5
 Yara's Violent Unravell  Hex/Tmut       0%         3d3       100%        5
 Death Channel            Necr           0%         N/A       100%        6
 Eringya's Noxious Bog    Tmut/Pois      0%         N/A       100%        6
 Animate Dead             Necr           Unusable   N/A       N/A         4

Dungeon Overview and Level Annotations

Branches:
Dungeon (12/15)            Temple (1/1) D:4            Lair (1/5) D:9
    Orc (1/2) D:9

Altars:
Ashenzari
Cheibriados
Dithmenos
Elyvilon
Fedhas
Gozag
Hepliaklqana
Kikubaaqudgha
Makhleb
Nemelex Xobeh
Okawaru
Qazlal
Ru
Sif Muna
Trog
Uskayaw
Vehumet
Wu Jian
Xom
Yredelemnul
Zin
The Shining One

Shops:
D:6 :   D:8 [   D:9 [?   D:10 :   D:11 *

Portals:
Trove: D:11 (give +6 demon blade)

Annotations:
D:7 2 runed translucent doors


Innate Abilities, Weirdness & Mutations

You have a pair of horns on your head.
You reflexively headbutt those who attack you in melee.


Message History

You hit the very large slime creature.
You freeze the very large slime creature.
You headbutt the very large slime creature!
The very large slime creature is moderately wounded.
The very large slime creature hits you!
Two slime creatures merge to form an enormous slime creature.
You puncture the enormous slime creature!
You freeze the enormous slime creature.
You headbutt the enormous slime creature, but do no damage.
The enormous slime creature is moderately wounded.
You puncture the enormous slime creature!
You freeze the enormous slime creature.
You headbutt the enormous slime creature!
The enormous slime creature is moderately wounded.
You hit the enormous slime creature. You freeze the enormous slime creature.
You headbutt the enormous slime creature.
The enormous slime creature is moderately wounded.
You hit the enormous slime creature. You freeze the enormous slime creature.
You headbutt the enormous slime creature!
The enormous slime creature is heavily wounded.
The enormous slime creature hits you!!!
Ouch! That really hurt!
* * * LOW HITPOINT WARNING * * *
The enormous slime creature attacks as you move away!
You block the enormous slime creature's attack.
The enormous slime creature attacks as you move away!
The enormous slime creature completely misses you.
There is a stone staircase leading up, spattered with blood here.
The enormous slime creature hits you!!
* * * LOW HITPOINT WARNING * * *
You climb upwards.
There is a stone staircase leading down, spattered with blood here.
The enormous slime creature attacks as you move away!
The enormous slime creature completely misses you.
The enormous slime creature attacks as you move away!
The enormous slime creature completely misses you.
The enormous slime creature attacks as you move away!
The enormous slime creature hits you!!
You die...
Your body crumbles into a pile of gold.

....##...#....................##
##.###...##.>................##
#......####..............#..##
........###..##..............#
.......###..#................#
.............................#
...........##...............##
..............#.J.#.......#.#
...#....##......@.......#####
...#....................#
......................###
......................#.####
...........#...............##
.........#..................#
........####................#
.^..<...####.#...###...∩..###
..........#........##..####


You could see an enormous slime creature.

Vanquished Creatures
  A hydra (D:11)
  A two-headed ogre (D:11)
  Erica (D:8)
  Pikel (D:5)
  A manticore (D:11)
  An unseen horror (D:11)
  A troll (D:12)
  A wolf spider simulacrum (D:11)
  A hornet (D:9)
  3 slime creatures
  A shadow (D:6)
  Sigmund (D:5)
  3 wraiths
  19 yaks
  A vampire (D:6)
  2 wyverns
  7 vampire mosquitoes
  Menkaure (D:5)
  Edmund (D:6)
  3 water moccasins
  An acid dragon (D:10)
  2 hell hounds (D:11)
  A sky beast (D:6)
  4 black bears
  2 orc warriors (D:9)
  7 centaurs
  2 ogres
  2 lemures (D:5)
  2 kobold brigands
  Blork the orc (D:6)
  A gnoll sergeant (D:8)
  5 bullfrogs
  A necrophage (D:6)
  6 scorpions
  5 wights
  9 killer bees
  8 howler monkeys
  A centaur zombie (D:6)
  2 bullfrog zombies (D:6)
  9 hounds
  5 jellies
  4 orc priests
  Crazy Yiuf (D:6)
  A bullfrog skeleton (D:6)
  2 gnoll boudas
  5 iguanas
  4 orc wizards
  3 howler monkey zombies (D:6)
  8 adders
  6 gnolls
  A shadow imp (D:6)
  2 ufetubi
  3 worms
  2 dart slugs
  31 orcs
  7 endoplasms
  2 giant cockroaches
  6 goblins
  4 hobgoblins
  5 jackals
  2 ball pythons
  5 bats
  10 kobolds
  11 rats
252 creatures vanquished.

Vanquished Creatures (others)
  A killer bee (D:8)
1 creature vanquished.

Grand Total: 253 creatures vanquished

Notes
Turn   | Place    | Note
-------+----------+-------------------------------------------
     0 | D:1      | Earthwalker the Minotaur Fighter began the quest for the
                  | Orb.
     0 | D:1      | Reached XP level 1. HP: 19/19 MP: 0/0
   574 | D:2      | Reached XP level 2. HP: 18/27 MP: 1/1
   785 | D:2      | Reached XP level 3. HP: 33/33 MP: 2/2
   921 | D:2      | Found a faded altar of an unknown god.
  1098 | D:3      | Found a snail-covered altar of Cheibriados.
  1098 | D:3      | Found a burning altar of Makhleb.
  1098 | D:3      | Found a faded altar of an unknown god.
  1098 | D:3      | Found a faded altar of an unknown god.
  1108 | D:3      | Found an ornate altar of the Wu Jian Council.
  1277 | D:3      | Reached XP level 4. HP: 40/40 MP: 3/3
  1519 | D:3      | Reached skill level 1 in Dodging
  1540 | D:3      | Found an iron altar of Okawaru.
  2018 | D:4      | Reached XP level 5. HP: 46/47 MP: 4/4
  2142 | D:4      | Found a staircase to the Ecumenical Temple.
  2157 | D:4      | Noticed a black bear
  2165 | Temple   | Entered the Ecumenical Temple
  2346 | Temple   | Became a worshipper of Gozag Ym Sagoz the Greedy
  2420 | D:4      | Killed a black bear
  2421 | D:4      | Reached skill level 5 in Polearms
  2421 | D:4      | Reached skill level 5 in Armour
  2421 | D:4      | Reached XP level 6. HP: 41/53 MP: 5/5
  2863 | D:5      | Entered Level 5 of the Dungeon
  3092 | D:5      | Noticed Menkaure
  3096 | D:5      | Killed Menkaure
  3097 | D:5      | Reached XP level 7. HP: 60/60 MP: 6/6
  3204 | D:5      | Reached skill level 5 in Fighting
  3219 | D:5      | Reached skill level 5 in Shields
  3398 | D:5      | Noticed Pikel
  3427 | D:5      | Reached skill level 1 in Throwing
  3637 | D:5      | Killed Pikel
  3638 | D:5      | Reached XP level 8. HP: 61/69 MP: 7/7
  3798 | D:5      | Noticed Sigmund
  3811 | D:5      | Killed Sigmund
  3827 | D:5      | Identified the +6 chain mail of Seofecaq {rF++ rN+}
  4258 | D:6      | Found Feurra's Book Boutique.
  4264 | D:6      | Reached XP level 9. HP: 75/75 MP: 8/8
  4284 | D:6      | Noticed Blork the orc
  4296 | D:6      | Killed Blork the orc
  4867 | D:6      | Noticed Edmund
  4876 | D:6      | Killed Edmund
  5197 | D:6      | Found a runed translucent door.
  5198 | D:6      | Noticed Crazy Yiuf
  5205 | D:6      | Killed Crazy Yiuf
  5734 | D:7      | Found a runed translucent door.
  5734 | D:7      | Noticed a manticore
  5735 | D:7      | Noticed a troll
  5735 | D:7      | Noticed a gargoyle
  5744 | D:7      | Reached XP level 10. HP: 86/86 MP: 9/9
  5852 | D:7      | Found a bloodstained altar of Trog.
  5862 | D:7      | Reached skill level 5 in Dodging
  5865 | D:7      | Reached skill level 10 in Polearms
  6079 | D:7      | Found a runed translucent door.
  6095 | D:7      | Noticed a gargoyle
  6103 | D:7      | Noticed a seven-headed hydra
  6327 | D:8      | Noticed Erica
  6380 | D:8      | Killed Erica
  6381 | D:8      | Reached skill level 10 in Armour
  6553 | D:8      | You fall into a shaft and drop 2 floors!
  6553 | D:10     | Entered Level 10 of the Dungeon
  6881 | D:9      | Found a staircase to the Lair.
  7240 | D:9      | Found a staircase to the Orcish Mines.
  7284 | D:9      | Found Osimoac's Armour Emporium.
  7359 | D:9      | Found Uluhol's Magic Scroll Shoppe.
  7363 | D:9      | Bought a scroll of enchant armour for 112 gold pieces
  7363 | D:9      | Bought a scroll of teleportation for 45 gold pieces
  7363 | D:9      | Bought a scroll of enchant weapon for 112 gold pieces
  7363 | D:9      | Bought a scroll of identify for 30 gold pieces
  7363 | D:9      | Bought a scroll of identify for 30 gold pieces
  8507 | D:8      | Reached XP level 11. HP: 52/95 MP: 10/10
  8801 | D:8      | Found Womist's Antique Armour Boutique.
  8814 | D:8      | Bought a pair of gloves for 103 gold pieces
  9429 | Orc:1    | Entered Level 1 of the Orcish Mines
  9429 | Orc:1    | Noticed an orc knight
  9506 | Lair:1   | Entered Level 1 of the Lair of Beasts
  9747 | D:10     | Found Xucept's Vocational Training.
 10369 | D:11     | Found a portal to a secret trove of treasure.
 10722 | D:11     | Noticed a two-headed ogre
 10749 | D:11     | Killed a two-headed ogre
 10991 | D:11     | Reached skill level 5 in Throwing
 11073 | D:11     | Found Luxaot's Assorted Antiques.
 11090 | D:11     | Bought a scroll of silence for 209 gold pieces
 11090 | D:11     | Bought a scroll of poison for 88 gold pieces
 11090 | D:11     | Bought a faintly glowing glass ring for 110 gold pieces
 11090 | D:11     | Identified the ring of the Everdark {Ice *Slow rN+ Will++
                  | Int+3} (You bought it in a shop on level 11 of the Dungeon)
 11090 | D:11     | Bought a wand of mindburst (4) for 123 gold pieces
 11151 | D:11     | Noticed a six-headed hydra
 12184 | D:11     | Killed a six-headed hydra
 12973 | D:12     | HP: 2/97 [enormous slime creature (21)]
 12983 | D:11     | Demolished by an enormous slime creature

Illustrated notes

Levels and vault maps discovered:
D:1:      elethiomel_arrival_quiet, layout_basic
D:2:      layout_rooms, shapermc_ecumenical_altar_notcrosses, st_stairs_1
D:3:      layout_loops_ring, chequers_temple_overflow_minitemple,
          mainiacjoe_overflow_24_doors
D:4:      layout_rooms, temple_fountains, minmay_misc_feat_tower,
          hangedman_feature_mirror
D:5:      layout_loops_ring, hangedman_decor_diamond_cutter,
          hangedman_decor_push, uniq_pikel, uniq_menkaure, uniq_sigmund
D:6:      layout_loops_ring, serial_shops, shop, serial_undead, serial_undead_d,
          serial_undead_a, serial_undead_a, serial_undead_d, minmay_three_doors,
          uniq_crazy_yiuf_cottage, uniq_edmund, uniq_blork_the_orc
D:7:      minmay_the_grid_triangle_9x9_recursive_2
          [minmay_the_grid_triangle_9x9_prize_special,
          minmay_the_grid_triangle_9x9_alien,
          minmay_the_grid_triangle_9x9_checkered,
          minmay_the_grid_triangle_9x9_fully_insulated_deathbox], layout_basic,
          trog_ov_bears_minmay
D:8:      layout_layer_cave, serial_shops, nicolae_diamond_shop,
          due_unseen_surprise, uniq_erica
D:9:      layout_loops_corners, lair_entry_dummy, hiddenorc1_lemuel,
          serial_shops, nicolae_shop_advertising_works
          [nicolae_subvault_shop_adworks], shop
D:10:     layout_rooms, nicolae_shop_vocational
D:11:     layout_cave_pools, enter_trove_3, serial_shops, shop
D:12:     layout_gridville, uniq_nergalle, uniq_josephine, uniq_azrael
Temple:   bh_familiar_temple
Lair:1:   layout_loops_ring, serial_bayou_shore_a, grunt_megastairs_5
Orc:1:    layout_caves

Skill      XL: |  1  2  3  4  5  6  7  8  9 10 11 |
---------------+----------------------------------+-----
Fighting       | 4 5 6 7 8 9 |  9.5
Armour         | 4 5 6 7 9 10 12 | 12.1
Polearms       | 3 4 5 6 7 8 9 11 12 | 12.3
Shields        | 4 5 6 7 8 9 |  9.7
Dodging        | 1 2 3 4 5 6 |  6.7
Throwing       | 1 2 3 4 5 |  5.5

Action                   |  1- 3 |  4- 6 |  7- 9 | 10-12 || total
-------------------------+-------+-------+-------+-------++-------
Melee: Trident           |    65 |    21 |       |       ||    86
       Headbutt          |     7 |    21 |    56 |   163 ||   247
       Spear             |       |    64 |   229 |   656 ||   949
Throw: Dart              |       |       |       |     2 ||     2
Evoke: Wand              |       |       |       |     2 ||     2
  Use: Scroll            |     5 |     7 |     1 |    11 ||    24
 Stab: Distracted        |       |       |     2 |     1 ||     3
Armor: Scale mail        |    36 |    31 |     6 |       ||    73
       Chain mail        |       |       |    87 |   316 ||   403
Dodge: Dodged            |    23 |    20 |    63 |   237 ||   343
Block: Buckler           |    11 |    16 |    38 |   144 ||   209
